 Dungeon Crawl Stone Soup version 0.31-a0-277-g31ea1f65cc (webtiles) character file.

Game seed: 13210400003347653254

38089 howech the Severer (level 13, -11/177 HPs)
             Began as a Minotaur Berserker on July 15, 2023.
             Was an Elder of Trog.
             Mangled by a black mamba (12 damage)
             ... on level 4 of the Lair of Beasts.
             The game lasted 00:56:17 (14839 turns).

howech the Severer (Minotaur Berserker)            Turns: 14839, Time: 00:56:17

Health: -11/177    AC: 18    Str: 25    XL:     13   Next: 61%
Magic:  12/12      EV:  9    Int:  8    God:    Trog [****..]
Gold:   973        SH:  6    Dex:  8    Spells: 12/12 levels left

rFire   + . .        h - +3 scimitar (flame)
rCold   . . .        v - +0 buckler
rNeg    . . .        x - +0 plate armour
rPois   +            (helmet restricted)
rElec   +            a - +0 cloak
rCorr   .            o - +0 pair of gloves
SInv    .            w - +0 pair of boots
Will    .....        (no amulet) Stlth
                     K - ring of Enuraave {rElec rPois rF+ Str+3 Dex-3}
HPRegen 0.49/turn    (no ring)
MPRegen 0.13/turn

%: no passive effects
@: berserking (expiring), lethally poisoned (-11 -> -17), very quick
A: horns 2, retaliatory headbutt
a: Renounce Religion, Berserk, Trog's Hand, Brothers in Arms


You were on level 4 of the Lair of Beasts.
You worshipped Trog.
Trog was greatly pleased with you.
You visited 3 branches of the dungeon, and saw 15 of its levels.
You also visited: Bailey.

You collected 1057 gold pieces.
You spent 84 gold pieces at shops.

Inventory:

Hand Weapons
 h - a +3 scimitar of flaming (weapon)
 i - a +0 war axe
 q - a +0 broad axe
 F - a +4 hand axe of draining
 G - the +7 morningstar of Lusting Quick Death {antimagic, rC+ Dex+4}
   (You took it off a goblin in a bailey)

   Dex:       It affects your dexterity (+4).
   rC:        It protects you from cold.
 L - a +0 broad axe
 N - a +1 scimitar of flaming
Missiles
 j - 17 poisoned darts (quivered)
 O - 5 throwing nets
Armour
 a - a +0 cloak (worn)
 f - +0 steam dragon scales
 o - a +0 pair of gloves (worn)
 v - a +0 buckler (worn)
 w - a +0 pair of boots (worn)
 x - a +0 plate armour (worn)
 A - +0 ice dragon scales
Jewellery
 e - a ring of ice
 H - a ring of protection from cold
 K - the ring of Enuraave (left hand) {rElec rPois rF+ Str+3 Dex-3}
   (You acquired it in a bailey)

   [ring of poison resistance]

   Str:       It affects your strength (+3).
   Dex:       It affects your dexterity (-3).
   rF:        It protects you from fire.
   rElec:     It insulates you from electricity.
   rPois:     It protects you from poison.
 M - a ring of fire
Talismans
 P - a beast talisman
Wands
 r - a wand of acid (8)
 s - a wand of polymorph (2)
 C - a wand of paralysis (21)
 D - a wand of iceblast (7)
Scrolls
 b - a scroll of poison
 c - 4 scrolls of vulnerability
 d - 3 scrolls of fog
 m - a scroll of butterflies
 n - 3 scrolls of immolation
 p - a scroll of blinking
 t - 2 scrolls of revelation
 u - 5 scrolls of teleportation
 y - a scroll of fear
 J - a scroll of enchant weapon
 Q - a scroll of identify
Potions
 g - a potion of resistance
 k - a potion of ambrosia
 l - a potion of curing
 z - 3 potions of enlightenment
 B - 2 potions of heal wounds
 E - 3 potions of might
 I - a potion of mutation


   Skills:
 + Level 12.1 Fighting
 * Level 16.2 Axes
 - Level 5.0 Throwing
 - Level 10.0 Armour
 + Level 9.1 Dodging
 + Level 9.7 Shields
 + Level 8.2 Evocations


You had 12 spell levels left.
You didn't know any spells.
Your spell library was empty.

Dungeon Overview and Level Annotations

Branches:
Dungeon (11/15)            Temple (1/1) D:4            Lair (2/5) D:11
  Swamp (0/4) Lair:2        Snake (0/4) Lair:2          Orc (0/2) D:9
 Bailey (visited)

Altars:
Ashenzari
Cheibriados
Dithmenos
Elyvilon
Fedhas
Gozag
Hepliaklqana
Kikubaaqudgha
Makhleb
Nemelex Xobeh
Okawaru
Qazlal
Ru
Sif Muna
Trog
Uskayaw
Vehumet
Wu Jian
Xom
Yredelemnul
Zin
The Shining One

Shops:
D:11 (

Portals:
Trove: D:10 (give 8 scrolls of fear)


Innate Abilities, Weirdness & Mutations

You have a pair of horns on your head.
You reflexively headbutt those who attack you in melee.


Message History

A red film seems to cover your vision as you go berserk!
You feel yourself moving faster!
You feel mighty!
You feel very sick. The black mamba closely misses you.
You block the black mamba's attack.
You barely miss the black mamba.
The black mamba is severely wounded.
You feel very sick.
The black mamba bites you but does no damage.
You barely miss the black mamba.
The black mamba is severely wounded.
You feel sick.
The black mamba bites you but does no damage. x2
You closely miss the black mamba.
The black mamba is severely wounded.
You feel sick.
The black mamba bites you but does no damage. x2
You hit the black mamba. You burn the black mamba.
The black mamba is almost dead.
You feel sick.
The black mamba bites you but does no damage.
The black mamba bites you.
* * * LOW HITPOINT WARNING * * *
You are lethally poisoned!
The black mamba poisons you!
You closely miss the black mamba.
The black mamba is almost dead.
* * * LOW HITPOINT WARNING * * *
You feel very sick. The black mamba closely misses you.
You block the black mamba's attack.
Unknown command.
You barely miss the black mamba.
The black mamba is almost dead.
* * * LOW HITPOINT WARNING * * *
You feel sick. You block the black mamba's attack.
Unknown command.
You barely miss the black mamba.
The black mamba is almost dead.
* * * LOW HITPOINT WARNING * * *
You feel sick. The black mamba bites you!
You die...

.##................. #
##......##.#..#...
###P.####........#.#.#...
......#........#........
.............#......#..
#...##P.......#....#...
#...###........#..###.†
#....##.......#....#... #
##.P##@................
#.#.#..P.S#................
#........#########.........
#.......## #........
#......## #....... #......#
#....... #......# ##+#.#..
#......# ##... #.###..#
##..


You could see a black mamba (drained).

Vanquished Creatures
  An orc warlord (Bailey)
  A dire elephant (Lair:2)
  Josephine (D:10)
  An ice dragon (D:11)
  Fannar (D:11)
  Harold (D:10)
  Erolcha (D:10)
  An ogre mage (D:11)
  A hydra (Lair:4)
  2 two-headed ogres
  2 centaur warriors
  Erica (D:8)
  Urug (D:11)
  Amaemon (D:10)
  A skeletal warrior (D:11)
  Pikel (D:6)
  An oklob plant (D:5)
  An ugly thing (D:11)
  An orc knight (Bailey)
  A manticore (D:11)
  A cyclops (D:11)
  18 elephants (Lair:2)
  A black mamba (Lair:1)
  Maurice (D:8)
  An orange demon (D:11)
  2 cane toads
  A kobold demonologist (D:11)
  3 unseen horrors
  2 rime drakes
  6 komodo dragons
  An efreet (D:9)
  2 trolls
  2 polar bears
  Grinder (D:3)
  2 hornets
  4 blink frogs (Lair:2)
  Sigmund (D:3)
  3 centaur simulacra (D:11)
  A spriggan (Lair:2)
  2 vampires
  4 wyverns
  6 wraiths
  Eustachio (D:5)
  19 yaks
  A steam dragon (D:9)
  4 water moccasins
  Duvessa (D:6)
  A sky beast (D:6)
  2 black bears
  15 orc warriors
  An ice beast (D:4)
  A hornet zombie (D:5)
  An ogre (D:6)
  4 centaurs
  3 lemures (D:6)
  A phantom (D:6)
  2 gnoll sergeants
  2 kobold brigands
  5 bullfrogs
  7 scorpions
  A wyvern zombie (D:5)
  10 wights
  Dowan (D:6)
  18 killer bees
  6 howler monkeys
  2 gnoll boudas
  A jelly (D:4)
  5 hounds
  2 bullfrog zombies (D:5)
  2 orc priests (D:7)
  Crazy Yiuf (D:3)
  2 iguanas
  Terence (D:2)
  5 orc wizards
  Natasha (twice) (D:3)
  A hound zombie (D:5)
  20 gnolls
  5 adders
  A shadow imp (D:5)
  2 white imps
  An ufetubus (D:5)
  3 worms (D:2)
  3 dart slugs
  23 orcs
  5 endoplasms
  4 giant cockroaches
  17 goblins
  16 hobgoblins
  6 jackals (D:3)
  12 kobolds
  4 quokkas
  A ball python (D:1)
  8 bats
  3 frilled lizards
  4 rats
356 creatures vanquished.

Notes
Turn   | Place    | Note
-------+----------+-------------------------------------------
     0 | D:1      | howech the Minotaur Berserker began the quest for the Orb.
     0 | D:1      | Reached XP level 1. HP: 19/19 MP: 0/0
   273 | D:1      | Reached XP level 2. HP: 27/27 MP: 1/1
   512 | D:1      | Reached skill level 4 in Axes
   953 | D:2      | Reached XP level 3. HP: 33/33 MP: 2/2
   959 | D:2      | Reached ** piety under Trog
   960 | D:2      | Reached skill level 1 in Throwing
  1262 | D:2      | Noticed Terence
  1268 | D:2      | Killed Terence
  1269 | D:2      | Reached skill level 1 in Shields
  1269 | D:2      | Reached XP level 4. HP: 40/40 MP: 3/3
  1392 | D:3      | Noticed Grinder
  1397 | D:3      | Paralysed by Grinder for 5 turns
  1406 | D:3      | Killed Grinder
  1407 | D:3      | Reached skill level 5 in Axes
  1407 | D:3      | Reached skill level 1 in Evocations
  1407 | D:3      | Reached XP level 5. HP: 22/47 MP: 4/4
  1407 | D:3      | Reached XP level 6. HP: 25/53 MP: 5/5
  1411 | D:3      | Noticed Natasha
  1415 | D:3      | Killed Natasha
  1497 | D:3      | Found an iron altar of Okawaru.
  1535 | D:3      | Found a runed translucent door.
  1536 | D:3      | Noticed Crazy Yiuf
  1543 | D:3      | Killed Crazy Yiuf
  2040 | D:3      | Noticed Sigmund
  2065 | D:3      | Killed Sigmund
  2066 | D:3      | Reached XP level 7. HP: 60/60 MP: 6/6
  2105 | D:3      | Noticed Natasha
  2124 | D:3      | Killed Natasha
  2393 | D:4      | Reached skill level 5 in Fighting
  2638 | D:4      | Reached skill level 6 in Axes
  2702 | D:4      | Found a staircase to the Ecumenical Temple.
  2710 | Temple   | Entered the Ecumenical Temple
  3126 | D:5      | Entered Level 5 of the Dungeon
  3172 | D:5      | Reached XP level 8. HP: 68/68 MP: 7/7
  3215 | D:5      | Found a basalt altar of Yredelemnul.
  3419 | D:5      | Reached skill level 7 in Axes
  3445 | D:5      | Noticed Eustachio
  3456 | D:5      | Reached skill level 5 in Armour
  3492 | D:5      | Killed Eustachio
  3787 | D:5      | Found a blossoming altar of Fedhas.
  3806 | D:5      | Noticed an oklob plant
  3987 | D:5      | Killed an oklob plant
  3988 | D:5      | Reached skill level 8 in Axes
  3988 | D:5      | Reached skill level 5 in Dodging
  3988 | D:5      | Reached XP level 9. HP: 69/75 MP: 8/8
  4136 | D:6      | Reached skill level 5 in Shields
  4478 | D:6      | Noticed Dowan
  4479 | D:6      | Noticed Duvessa
  4489 | D:6      | Killed Duvessa
  4495 | D:6      | Killed Dowan
  4596 | D:6      | Reached skill level 9 in Axes
  4694 | D:6      | Found a shadowy altar of Dithmenos.
  4760 | D:6      | Found a glowing golden altar of the Shining One.
  4822 | D:6      | Noticed Pikel
  4984 | D:6      | Killed Pikel
  4985 | D:6      | Reached skill level 5 in Throwing
  5244 | D:6      | Found a radiant altar of Vehumet.
  5297 | D:7      | Noticed a troll
  5311 | D:6      | Killed a troll
  5312 | D:6      | Reached skill level 10 in Axes
  5362 | D:6      | Reached XP level 10. HP: 53/88 MP: 9/9
  5407 | D:7      | Reached skill level 5 in Evocations
  5442 | D:7      | Reached skill level 11 in Axes
  5709 | D:7      | Reached *** piety under Trog
  5761 | D:7      | Found a flagged portal.
  5777 | Bailey   | Entered a bailey
  6275 | Bailey   | Identified the +7 morningstar of Lusting Quick Death
                  | {antimagic, rC+ Dex+4}
  6376 | Bailey   | Noticed an orc warlord
  6433 | Bailey   | Killed an orc warlord
  6434 | Bailey   | Reached skill level 12 in Axes
  6711 | Bailey   | Noticed an orc knight
  6724 | Bailey   | Killed an orc knight
  6818 | Bailey   | Acquired the ring of Enuraave {rElec rPois rF+ Str+3 Dex-3}
  7370 | D:8      | Found a snail-covered altar of Cheibriados.
  7373 | D:8      | Noticed Maurice
  7381 | D:8      | Reached **** piety under Trog
  7395 | D:8      | Reached XP level 11. HP: 97/97 MP: 10/10
  7472 | D:8      | Killed Maurice
  7678 | D:8      | Noticed Erica
  7691 | D:8      | Killed Erica
  7836 | D:8      | Found a shimmering altar of Xom.
  8713 | D:9      | Found a transporter.
  8749 | D:9      | Reached skill level 13 in Axes
  8887 | D:9      | Found a transporter.
  8896 | D:9      | Found a transporter.
  8896 | D:9      | Found a transporter.
  9058 | D:9      | Found a staircase to the Orcish Mines.
  9590 | D:10     | Entered Level 10 of the Dungeon
  9590 | D:10     | Noticed a two-headed ogre
  9601 | D:10     | Killed a two-headed ogre
  9801 | D:10     | Noticed Erolcha
  9817 | D:10     | Reached skill level 10 in Fighting
  9825 | D:10     | Killed Erolcha
  9952 | D:10     | Noticed Josephine
  9966 | D:10     | Killed Josephine
 10151 | D:10     | Found a sacrificial altar of Ru.
 10241 | D:10     | Found a portal to a secret trove of treasure.
 10268 | D:10     | Noticed Harold
 10278 | D:10     | Killed Harold
 10499 | D:10     | Noticed a centaur warrior
 10509 | D:10     | Killed a centaur warrior
 10565 | D:10     | Found a sparkling altar of Nemelex Xobeh.
 10565 | D:10     | Found a broken altar of Ashenzari.
 10573 | D:10     | Found an ancient bone altar of Kikubaaqudgha.
 10584 | D:10     | Found a bloodstained altar of Trog.
 10587 | D:10     | Reached XP level 12. HP: 105/107 MP: 11/11
 10603 | D:10     | Reached skill level 14 in Axes
 10609 | D:10     | Found a glowing silver altar of Zin.
 10652 | D:11     | Noticed an ice dragon
 11010 | D:11     | Noticed Amaemon
 11016 | D:11     | Noticed a two-headed ogre
 11028 | D:10     | Killed Amaemon
 11153 | D:11     | Noticed a centaur warrior
 11162 | D:11     | Found a staircase to the Lair.
 11539 | D:11     | Noticed Urug
 11548 | D:11     | Killed Urug
 11592 | D:11     | Killed a centaur warrior
 11704 | D:11     | Killed an ice dragon
 11917 | D:11     | Found Nafuz's Antique Weapon Boutique.
 11924 | D:11     | Killed a two-headed ogre
 11989 | D:11     | Bought a broad axe for 84 gold pieces
 12018 | D:11     | Noticed Fannar
 12048 | D:11     | Killed Fannar
 12320 | D:11     | Noticed an ogre mage
 12350 | D:11     | Reached skill level 15 in Axes
 12367 | D:11     | Killed an ogre mage
 12598 | Lair:1   | Entered Level 1 of the Lair of Beasts
 12850 | Lair:1   | Reached XP level 13. HP: 89/116 MP: 12/12
 13785 | Lair:2   | Found a staircase to the Swamp.
 13909 | Lair:2   | Noticed a dire elephant
 13930 | Lair:2   | Killed a dire elephant
 14095 | Lair:2   | Found a staircase to the Snake Pit.
 14416 | Lair:2   | Reached skill level 16 in Axes
 14571 | Lair:2   | You fall into a shaft and drop 2 floors!
 14831 | Lair:4   | Reached skill level 10 in Armour
 14836 | Lair:4   | HP: 7/177 [black mamba (6)]
 14838 | Lair:4   | HP: 2/177 [poisoned by a black mamba]
 14839 | Lair:4   | Mangled by a black mamba

Illustrated notes

Levels and vault maps discovered:
D:1:      erik_arrival_blinker_ship, layout_basic
D:2:      layout_rooms, uniq_terence
D:3:      layout_loops_cross, kennysheep_okawaru_gauntlet,
          uniq_crazy_yiuf_cottage, uniq_grinder, uniq_sigmund, uniq_natasha
D:4:      layout_basic, minmay_temple_entry_butterflies
D:5:      layout_rooms, tgw_fedhas, nicolae_yredelemnul_corpse_copse,
          uniq_eustachio
D:6:      layout_cave_pools, nicolae_dithmenos_shadow_blocks,
          kennysheep_little_box, mainiacjoe_overflow_alcove_1, uniq_duvessa,
          uniq_pikel
D:7:      layout_cave_pools, enter_bailey_2, kennysheep_generic_room_10
D:8:      layout_basic, mainiacjoe_overflow_tiny_flanked,
          mainiacjoe_overflow_alcove_4, uniq_maurice, uniq_erica
D:9:      layout_rooms, orc_0_dummy, serial_rivers,
          chequers_serial_rivers_small_3, chequers_serial_rivers_marsh,
          chequers_serial_rivers_large_a, chequers_serial_rivers_marsh,
          nicolae_diode_intersection
D:10:     layout_loops_ring, chequers_temple_overflow_minitemple,
          mainiacjoe_overflow_six_doors_small, enter_trove_1, uniq_erolcha,
          uniq_josephine, uniq_harold
D:11:     minmay_coctagon, layout_cave_pools, lair_entry_dummy, serial_shops,
          nicolae_shop_statue_plus, grunt_tough_drop, uniq_urug, uniq_amaemon,
          uniq_fannar
Temple:   nicolae_temple_bog_church
Lair:1:   layout_loops_ring, serial_bayou_shore_b
Lair:2:   mu_elephants_graveyard, layout_long_grid, swamp_mist
Lair:4:   layout_regular_city, pdpol_lair_cavern_descent, grunt_megastairs_1,
          lemuel_fruit_fields

Skill      XL: |  1  2  3  4  5  6  7  8  9 10 11 12 13 |
---------------+----------------------------------------+-----
Axes           | 4 5 6 8 10 12 13 15 16 | 16.2
Throwing       | 1 2 3 4 5 |  5.0
Fighting       | 4 5 6 7 9 10 11 12 | 12.1
Shields        | 1 2 3 4 5 7 8 9 |  9.7
Armour         | 3 4 5 7 9 10 | 10.0
Dodging        | 3 4 5 7 8 9 |  9.1
Evocations     | 1 2 3 4 5 6 7 8 |  8.2

Action                     |  1- 3 |  4- 6 |  7- 9 | 10-12 | 13-15 || total
---------------------------+-------+-------+-------+-------+-------++-------
  Melee: Hand axe          |    24 |       |       |   691 |   240 ||   955
         Headbutt          |     9 |     5 |    54 |   142 |    95 ||   305
         War axe           |    45 |    42 |   281 |    45 |       ||   413
         Scimitar          |       |       |       |       |    13 ||    13
  Throw: Boomerang         |       |     4 |     6 |    36 |       ||    46
         Dart              |       |       |       |    25 |    12 ||    37
         Throwing net      |       |       |       |     1 |       ||     1
 Invoke: Berserk           |       |     3 |     4 |    17 |     1 ||    25
         Trog's Hand       |       |     3 |     2 |    16 |       ||    21
  Evoke: Wand              |       |       |       |     8 |       ||     8
    Use: Scroll            |       |       |       |    20 |     2 ||    22
         Potion            |       |       |       |     7 |       ||     7
   Stab: Paralysed         |       |       |       |    12 |       ||    12
 Armour: Animal skin       |     5 |       |       |       |       ||     5
         Ring mail         |    18 |       |       |       |       ||    18
         Scale mail        |       |    10 |       |       |       ||    10
         Chain mail        |       |    20 |    56 |       |       ||    76
         Plate armour      |       |       |   116 |   350 |   111 ||   577
  Dodge: Dodged            |    52 |    12 |   103 |   171 |    87 ||   425
  Block: Buckler           |       |       |    57 |   125 |    40 ||   222

Table legend: (Time is in decaauts)
 A = Elapsed time spent in this place.
 B = Non-inter-level travel time spent in this place.
 C = Inter-level travel time spent in this place.
 D = Time resting spent in this place.
 E = Time spent auto-exploring this place.
 F = Levels seen in this place.
 G = Mean time per level.
                   A        B        C        D        E       F      G
               +--------+--------+--------+--------+--------+-----+--------+
         Total |  14862 |  14419 |    443 |   3673 |   6873 |  16 |  928.9 |
       Dungeon |  11516 |  11098 |    418 |   2946 |   5483 |  11 | 1046.9 |
        Temple |    172 |    154 |     18 |      0 |    146 |   1 |  172.0 |
          Lair |   2116 |   2109 |      7 |    242 |   1232 |   3 |  705.3 |
        Bailey |   1057 |   1057 |      0 |    484 |     11 |   1 | 1057.0 |
               +--------+--------+--------+--------+--------+-----+--------+

Top non-repeatable levels by time:
    D:10: 1567 daAuts
    D:11: 1429 daAuts
     D:6: 1333 daAuts
     D:8: 1294 daAuts
     D:9: 1072 daAuts
  Bailey: 1057 daAuts
     D:5: 1019 daAuts
     D:3: 953 daAuts
  Lair:2: 929 daAuts
  Lair:1: 928 daAuts
     D:1: 879 daAuts
     D:7: 777 daAuts
     D:4: 696 daAuts
     D:2: 493 daAuts
  Lair:4: 258 daAuts
